 Dungeon Crawl Stone Soup version 0.25-a0-404-gc1b5a34292 (webtiles) character file.

Game seed: 8964900249789989914, levelgen mode: deterministic

11806 DeadFury222 the Severer (level 11, -2/95 HPs)
             Began as a Hill Orc Monk on Jan 10, 2020.
             Was an Elder of Beogh.
             Slain by a six-headed hydra (5 damage)
             ... on level 11 of the Dungeon.
             The game lasted 00:41:38 (14857 turns).

DeadFury222 the Severer (Hill Orc Monk)            Turns: 14857, Time: 00:41:38

Health: -2/95      AC: 17    Str: 18    XL:     11   Next: 83%
Magic:  11/11      EV:  5    Int: 10    God:    Beogh [****..]
Gold:   506        SH: 10    Dex: 13    Spells: 10/10 levels left

rFire    . . .     SeeInvis .   C - +2 broad axe (flame)
rCold    + . .     Gourm    .   H - +0 shield
rNeg     . . .     Faith    .   G - +0 plate armour
rPois    +         Spirit   .   (no helmet)
rElec    .         Reflect  .   (no cloak)
rCorr    .         Harm     .   (no gloves)
MR       .....                  j - +2 pair of boots
Stlth    ..........             (no amulet)
HPRegen  0.25/turn              b - ring of poison resistance
MPRegen  0.12/turn              s - ring of protection from cold

@: no status effects
A: no striking features
a: Smiting, Recall Orcish Followers, Renounce Religion


You were on level 11 of the Dungeon.
You worshipped Beogh.
Beogh was greatly pleased with you.
You were not hungry.

You visited 1 branch of the dungeon, and saw 11 of its levels.

You collected 506 gold pieces.

Inventory:

Hand Weapons
 k - the cursed +0 long sword of Kismet {speed, Dex+4, unknown}
   (You found it on level 10 of the Dungeon)

   Attacks with this weapon are significantly faster.
   It affects your dexterity (+4).
   It has a curse placed upon it.
 C - a +2 broad axe of flaming (weapon)
Missiles
 e - 399 stones (quivered)
Armour
 j - a +2 pair of boots (worn)
 D - +0 steam dragon scales
 G - a +0 plate armour (worn)
 H - a +0 shield (worn)
Jewellery
 b - a ring of poison resistance (left hand)
 s - a ring of protection from cold (right hand)
 v - an uncursed amulet of guardian spirit
 B - an uncursed ring of protection from cold
Wands
 a - a wand of enslavement (3)
 o - a wand of random effects (20)
 E - a wand of disintegration (8)
Scrolls
 f - 4 scrolls of remove curse
 l - 4 scrolls of magic mapping
 p - 3 scrolls of enchant weapon
 r - 2 scrolls of amnesia
 t - 2 scrolls of blinking
 x - a scroll of fog {unknown}
 y - 2 scrolls of immolation {unknown}
 z - a scroll of teleportation
Potions
 d - a potion of resistance
 g - 2 potions of cancellation
 h - 3 potions of might
 i - 4 potions of curing
 m - a potion of berserk rage
 n - a potion of agility
 q - a potion of invisibility
 u - 3 potions of degeneration
 w - 3 potions of lignification
 A - a potion of flight
 F - a potion of brilliance
Comestibles
 c - 14 rations
 I - 4 chunks of flesh


   Skills:
 + Level 8.8 Fighting
 * Level 16.8 Axes
 + Level 10.0 Armour
 - Level 2.4 Dodging
 - Level 1.5 Stealth
 + Level 5.8 Shields
 + Level 0.6 Invocations
 - Level 0.7 Evocations


You had 10 spell levels left.
You didn't know any spells.
Your spell library contained the following spells:

 Spells                   Type           Power        Failure   Level  Hunger
 Animate Skeleton         Necr           N/A          100%        1    ##.....
 Pain                     Necr           #...         100%        1    ##.....
 Vampiric Draining        Necr           #.........   100%        3    ####...
 Animate Dead             Necr           N/A          100%        4    #####..
 Agony                    Necr           #.......     100%        5    ######.


Dungeon Overview and Level Annotations

Branches:
Dungeon (11/15)            Temple (0/1) D:7            Lair (0/6) D:11
    Orc: D:9-12

Altars:
Cheibriados
Dithmenos
Gozag
Hepliaklqana
Kikubaaqudgha
Makhleb
Nemelex Xobeh
Okawaru
Qazlal
Trog
Uskayaw
Zin
The Shining One


Message History

Bladwarg hits the six-headed hydra.
Bladwarg hits the six-headed hydra.
There is a stone staircase leading up here.
Bladwarg calls down the wrath of Beogh upon the six-headed hydra.
The six-headed hydra resists with some effort.
The six-headed hydra barely misses you.
The six-headed hydra bites you but does no damage.
The six-headed hydra bites you.
* * * LOW HITPOINT WARNING * * *
The six-headed hydra closely misses you.
The six-headed hydra bites you but does no damage. x2
The six-headed hydra bites you!
* * * LOW HITPOINT WARNING * * *
You block the six-headed hydra's attack.
The six-headed hydra barely misses you. The six-headed hydra bites you.
* * * LOW HITPOINT WARNING * * *
The six-headed hydra bites you.
* * * LOW HITPOINT WARNING * * *
The six-headed hydra bites you.
You die...

##...## ##.....#
#......#
#######.....#
##..#....(.#....#
##...#....o###...#
#................#
##.....(DD#..Z.Z...
#...#.(..@#..ZZ...Z
#...#.....##.......
###.......# .....##
######....###
.....#
##.##.......#
.....#
#.......##..... ...
#......###...... .#
... ###......#
....... .%.#####..
#........##.......
#.........


You could see 2 six-headed hydras and the friendly Bladwarg the orc priest.

Vanquished Creatures
  Erolcha (D:9)
  2 two-headed ogres
  A centaur warrior (D:11)
  An unseen horror (D:10)
  Joseph (D:7)
  A centaur zombie (D:9)
  2 gargoyles (D:10)
  Maggie (D:8)
  2 trolls
  2 hippogriffs
  Sigmund (D:6)
  6 yaks (D:10)
  Menkaure (D:5)
  A two-headed ogre zombie (D:11)
  4 porcupines (D:11)
  An orc warrior (D:9)
  2 sky beasts
  2 black bears
  An ice beast (D:4)
  2 phantoms
  A necrophage (D:7)
  4 ogres
  10 centaurs
  2 bullfrogs
  A gnoll sergeant (D:5)
  3 scorpions
  10 killer bees
  2 vampire bats (D:2)
  7 wights
  A crimson imp (D:11)
  A bullfrog zombie (D:11)
  An orc priest (D:11)
  5 hounds
  2 jellies
  A bullfrog skeleton (D:4)
  A centaur skeleton (D:4)
  A gnoll shaman (D:6)
  4 iguanas
  3 orc wizards
  4 worker ants
  An ogre zombie (D:11)
  A hound zombie (D:7)
  14 gnolls
  11 adders
  An ooze (D:1)
  An adder zombie (D:7)
  2 worms
  2 dart slugs
  5 leopard geckos
  15 orcs
  3 bat skeletons (D:2)
  A bat zombie (D:2)
  5 giant cockroaches
  4 goblins
  3 hobgoblins (D:2)
  9 jackals
  2 quokkas
  6 ball pythons
  6 bats
  4 frilled lizards
  A jackal zombie (D:7)
  4 kobolds
  A leopard gecko zombie (D:8)
  2 orc skeletons (D:11)
  6 orc zombies (D:11)
  A quokka skeleton (D:6)
  5 rats
  7 fungi (D:11)
  3 plants (D:11)
225 creatures vanquished.

Vanquished Creatures (collateral kills)
  An ugly thing (D:10)
  2 cyclopes (D:11)
  A bullfrog (D:11)
  A crimson imp (D:11)
  An orc priest (D:11)
  A worker ant (D:11)
  An adder (D:11)
  2 orcs (D:11)
  An orc zombie (D:11)
  2 fungi (D:11)
  A plant (D:11)
14 creatures vanquished.

Vanquished Creatures (others)
  2 orc warriors (D:11)
  3 orc wizards (D:11)
  An orc priest (D:6)
  An adder (D:6)
  5 orcs
  20 fungi (D:11)
  4 plants (D:11)
36 creatures vanquished.

Grand Total: 275 creatures vanquished

Notes
Turn   | Place    | Note
-------+----------+-------------------------------------------
     0 | D:1      | DeadFury222 the Hill Orc Monk began the quest for the Orb.
     0 | D:1      | Reached XP level 1. HP: 19/19 MP: 1/1
   478 | D:1      | Reached XP level 2. HP: 26/27 MP: 2/2
   939 | D:2      | Reached skill level 5 in Axes
   939 | D:2      | Reached XP level 3. HP: 33/33 MP: 3/3
  1032 | D:2      | Found an ancient bone altar of Kikubaaqudgha.
  1038 | D:2      | Reached skill level 1 in Armour
  1044 | D:2      | Reached XP level 4. HP: 28/40 MP: 4/4
  1045 | D:2      | Reached skill level 6 in Axes
  1292 | D:2      | Reached XP level 5. HP: 33/46 MP: 5/5
  1565 | D:2      | Found a burning altar of Makhleb.
  2003 | D:3      | Reached skill level 7 in Axes
  2430 | D:4      | Noticed a +0 dagger
  2430 | D:4      | Noticed a +0 dagger
  2433 | D:4      | Found a hide-covered altar of Uskayaw.
  2506 | D:4      | Reached XP level 6. HP: 51/53 MP: 6/6
  2612 | D:4      | Found a stormy altar of Qazlal.
  2939 | D:4      | Noticed an ice beast
  3082 | D:4      | Noticed a phantom
  3172 | D:4      | Killed a phantom
  3172 | D:4      | Reached skill level 8 in Axes
  3422 | D:4      | Found an opulent altar of Gozag.
  3895 | D:4      | Killed an ice beast
  3895 | D:4      | Reached skill level 9 in Axes
  3895 | D:4      | Reached XP level 7. HP: 39/60 MP: 7/7
  4211 | D:5      | Entered Level 5 of the Dungeon
  4810 | D:4      | Reached skill level 5 in Fighting
  5032 | D:5      | HP: 3/61 [poisoned by a gnoll sergeant]
  5040 | D:5      | HP: 3/61 [poisoned by a gnoll sergeant]
  5714 | D:5      | Reached skill level 10 in Axes
  5901 | D:5      | Reached XP level 8. HP: 59/68 MP: 8/8
  6306 | D:5      | Noticed Menkaure
  6316 | D:5      | Killed Menkaure
  6678 | D:5      | Found an iron altar of Okawaru.
  6866 | D:6      | Became a worshipper of Beogh the Brigand
  6866 | D:6      | Reached * piety under Beogh
  6866 | D:6      | Reached ** piety under Beogh
  6985 | D:6      | You fall into a shaft and drop 1 floor!
  6985 | D:7      | Found a staircase to the Ecumenical Temple.
  7003 | D:7      | Reached skill level 11 in Axes
  7180 | D:6      | Reached skill level 5 in Armour
  7343 | D:6      | Got a jewelled quarterstaff
  7500 | D:6      | Found a glowing silver altar of Zin.
  7502 | D:6      | Found a sparkling altar of Nemelex Xobeh.
  7503 | D:6      | Found a shadowy altar of Dithmenos.
  7723 | D:6      | Found a bloodstained altar of Trog.
  7728 | D:6      | Noticed Sigmund
  7851 | D:6      | Killed Sigmund
  7884 | D:6      | Reached XP level 9. HP: 21/75 MP: 9/9
  8269 | D:7      | Reached skill level 12 in Axes
  8643 | D:7      | Found a glowing golden altar of the Shining One.
  8766 | D:7      | Found a hazy altar of Hepliaklqana.
  8914 | D:8      | Noticed Joseph
  8929 | D:7      | Killed Joseph
  9222 | D:8      | Noticed Maggie
  9257 | D:8      | Killed Maggie
  9257 | D:8      | Reached skill level 13 in Axes
  9846 | D:8      | Noticed a two-headed ogre
  9859 | D:8      | Killed a two-headed ogre
  9859 | D:8      | Reached skill level 14 in Axes
  9859 | D:8      | Reached skill level 1 in Shields
  9859 | D:8      | Reached XP level 10. HP: 67/85 MP: 10/10
 10385 | D:9      | Reached *** piety under Beogh
 10696 | D:9      | Noticed Erolcha
 10724 | D:9      | Killed Erolcha
 10724 | D:9      | Reached skill level 15 in Axes
 11121 | D:9      | Found a snail-covered altar of Cheibriados.
 11942 | D:10     | Entered Level 10 of the Dungeon
 11953 | D:10     | Noticed a gargoyle
 11964 | D:10     | Killed a gargoyle
 12091 | D:10     | Noticed a gargoyle
 12100 | D:10     | Killed a gargoyle
 12105 | D:10     | Reached XP level 11. HP: 32/93 MP: 11/11
 12422 | D:10     | Noticed a two-headed ogre
 12464 | D:10     | Killed a two-headed ogre
 12805 | D:10     | Got a polished long sword
 13034 | D:11     | Noticed a cyan ugly thing
 13034 | D:11     | Noticed a cyclops
 13053 | D:11     | Noticed a centaur warrior
 13060 | D:10     | Killed an unseen horror
 13179 | D:10     | Reached skill level 16 in Axes
 13299 | D:10     | Reached **** piety under Beogh
 13475 | D:10     | Reached skill level 5 in Shields
 13663 | D:11     | Killed a centaur warrior
 14007 | D:11     | Found a staircase to the Lair.
 14417 | D:10     | Gained Bladwarg as an ally
 14423 | D:10     | Killed a cyan ugly thing
 14767 | D:11     | Killed a cyclops
 14767 | D:11     | Reached skill level 10 in Armour
 14834 | D:11     | Noticed a cyclops
 14846 | D:11     | Noticed a six-headed hydra
 14846 | D:11     | Noticed a six-headed hydra
 14849 | D:11     | Killed a cyclops
 14857 | D:11     | HP: 3/95 [six-headed hydra (5)]
 14857 | D:11     | Slain by a six-headed hydra

Levels and vault maps discovered:
D:1:      dpeg_arrival_circle_labyrinth_a, layout_basic
D:2:      layout_rooms, kennysheep_vampire_church, makhleb_heckhound_becter
D:3:      layout_rooms
D:4:      minmay_evil_eye, layout_basic, dancing_weapons_uskayaw,
          nicolae_qazlal_general_emergency, overflow_temple_1_default
D:5:      layout_cave_pods, marbit_many_paths, first_ration,
          minmay_misc_feat_room, uniq_menkaure
D:6:      layout_basic, kennysheep_mini,
          chequers_temple_overflow_statue_of_worship, uniq_sigmund
D:7:      layout_loops_ring, tso_altar, lemuel_coloured_pillars_altar,
          minmay_temple_entry_glass
D:8:      lemuel_upstairs_altar, layout_layer_cave, uniq_joseph, uniq_maggie
D:9:      layout_layer_cave, overflow_temple_1_default, uniq_erolcha
D:10:     layout_long_grid
D:11:     layout_cave_pools, due_lair_maze_entry_diamond, zombieorc2_lemuel

Skill      XL: |  1  2  3  4  5  6  7  8  9 10 11 |
---------------+----------------------------------+-----
Axes           | 5 6 7 9 10 11 14 15 16 | 16.8
Armour         | 1 2 3 5 7 8 10 | 10.0
Fighting       | 4 5 6 7 8 |  8.8
Shields        | 1 3 5 |  5.8
Dodging        | |  2.4
Stealth        | |  1.5
Invocations    | |  0.6
Evocations     | |  0.7

Action                   |  1- 3 |  4- 6 |  7- 9 | 10-12 || total
-------------------------+-------+-------+-------+-------++-------
Melee: Hand axe          |    66 |   269 |   303 |       ||   638
       Battleaxe         |       |       |    68 |       ||    68
       Broad axe         |       |       |    10 |   306 ||   316
Throw: Stone             |       |       |    11 |       ||    11
Invok: Convert to Beogh  |       |       |     1 |       ||     1
Evoke: Wand              |       |       |     6 |     3 ||     9
  Use: Scroll            |       |     8 |    10 |     6 ||    24
       Potion            |       |     1 |     2 |     2 ||     5
 Stab: Sleeping          |     3 |     1 |     1 |       ||     5
       Distracted        |       |       |     1 |       ||     1
       Paralysed         |       |       |       |     6 ||     6
  Eat: Chunk             |       |    10 |    15 |     9 ||    34
       Ration            |       |       |     1 |     2 ||     3
Armor: Leather armour    |    41 |    80 |    12 |       ||   133
       Robe              |     1 |       |       |       ||     1
       Ring mail         |       |       |    53 |       ||    53
       Plate armour      |       |       |    24 |   189 ||   213
Dodge: Dodged            |    63 |   156 |   158 |    50 ||   427
Block: Buckler           |       |       |     1 |       ||     1
       Shield            |       |       |       |   148 ||   148

Table legend:
 A = Non-vault XP
 B = Vault XP
 C = Vault XP percentage of total XP
 D = Non-vault monster count
 E = Vault monster count
 F = Vault count percentage of total count
                 A         B        C        D         E       F
            +---------+---------+-------+---------+---------+-------
      Total |   13521 |    3346 |  19.8 |     193 |      33 |  14.6
            +---------+---------+-------+---------+---------+-------
        D:1 |      29 |       0 |   0.0 |      14 |       0 |   0.0
        D:2 |      72 |     163 |  69.4 |      14 |       7 |  33.3
        D:3 |      29 |       0 |   0.0 |      15 |       0 |   0.0
        D:4 |     476 |       4 |   0.8 |      20 |       2 |   9.1
        D:5 |     584 |     201 |  25.6 |      22 |       2 |   8.3
        D:6 |     520 |     212 |  29.0 |      16 |       1 |   5.9
        D:7 |     276 |     455 |  62.2 |       8 |       1 |  11.1
        D:8 |    1667 |     404 |  19.5 |      13 |       1 |   7.1
        D:9 |    2186 |     965 |  30.6 |      28 |       1 |   3.4
       D:10 |    5426 |      90 |   1.6 |      24 |       1 |   4.0
       D:11 |    2256 |     852 |  27.4 |      19 |      17 |  47.2
            +---------+---------+-------+---------+---------+-------
